[Event "Festival Groningen-A 2024"]
[Site "Groningen"]
[Date "2024.12.21"]
[Round "1.10"]
[White "Keuning, Selwin"]
[Black "Maatman, Nick"]
[Result "0-1"]
[ECO "B22"]
[WhiteElo "2180"]
[BlackElo "2375"]
[Annotator "TA"]
[PlyCount "136"]
[EventDate "2024.12.21"]
[EventType "swiss"]
[EventCountry "NED"]
[SourceTitle "playchess.com"]
[Source "ChessBase"]
[SourceQuality "1"]
[TimeControl "40/5400+30:1800+30"]

1. e4 c5 2. c3 Nf6 3. e5 Nd5 4. Nf3 d6 5. d4 cxd4 6. cxd4 Nc6 7. Bc4 dxe5 8. Nxe5 e6 9. O-O Be7 10. Nxc6 bxc6 11. Nc3 O-O 12. Qd3 a5 13. Rd1 a4 14. Qe4 Ba6 15. Bd3 Bxd3 16. Rxd3 Nxc3 17. Rxc3 Qd5 18. Qc2 Bf6 19. Be3 Rfb8 20. Rc5 Rxb2 21. Qc1 Qd6 $1 22. Rxc6 Qd5 23. Rc5 Qb7 (23... Rxa2 $2 24. Rc8+ (24. Rxd5 Rxa1 25. Qxa1 exd5 $18) 24... Bd8 25. Rxa2 $18) 24. Rc7 Qb8 25. a3 (25. g3 $11) 25... Rb3 26. g3 (26. Qc6 $15) 26... h6 (26... Bd8 $17 27. Rc4 Be7) 27. Qc6 $11 Qf8 28. Kg2 Rbb8 (28... Rxa3 $2 29. Rxa3 Qe8 30. Qxe8+ Rxe8 31. Rxa4 $18) 29. Ra2 Rd8 30. Rd7 Rxd7 31. Qxd7 Be7 ({Better is} 31... Qc8 $15 32. Qb5 Qc3) 32. Qc6 (32. d5 $11) 32... Ra5 (32... Bxa3 $2 33. Rxa3 Qxa3 34. Qxa8+ $18) (32... Qc8 $15 33. d5 Qxc6 34. dxc6 Rc8) 33. Rc2 Bxa3 34. Qb7 (34. Ra2 $15) 34... Ra8 $17 35. Rc7 Rb8 (35... Bd6 36. Rxf7 Qxf7 37. Qxa8+ Kh7 38. Qxa4 $16) 36. Qa7 (36. Qc6 $17) 36... Bd6 $19 37. Rd7 $2 (37. Rc6 Ra8 38. Qb7) 37... a3 $19 38. d5 Ra8 (38... exd5 39. Rxd6 Ra8 (39... Qxd6 40. Bf4 $14) 40. Qc5 $11 (40. Rxd5 $2 Rxa7 41. Rd1 Qa8+ 42. f3 Re7 $19)) (38... e5 $142 39. Qa6 Ra8) 39. Qb6 $2 (39. Qb7 a2 40. Bd4) 39... a2 (39... e5 $142 40. Bd2 (40. Qxd6 $2 Qxd6 41. Rxd6 a2 $19) 40... Bc5) 40. Bd4 $19 e5 $1 (40... a1=B 41. Bxa1 Bc5 42. Qb2 exd5 43. Rxd5 $11) (40... a1=R 41. Bxa1 Bc5 42. Qb2 exd5 43. Rxd5 $11) 41. Ba1 Bc5 42. Qc6 Qe8 $2 (42... Kh7 $19 {White must now prevent ...Bd4.} 43. Qb7 Qg8) 43. Rb7 {[%emt 0:10:17] [#]} Qxc6 $1 44. dxc6 Rc8 (44... Bd4 $2 45. c7 Bxa1 46. Rb8+ $18) 45. Rb2 Rxc6 46. Rxa2 Bd6 47. Kf3 f5 48. Ra5 e4+ 49. Ke3 Bc5+ (49... g6 $15) 50. Bd4 $11 Bxd4+ 51. Kxd4 g6 52. Ke5 h5 53. Ra7 Kf8 54. h4 Rb6 55. Ra3 Kg7 56. f3 exf3 57. Rxf3 (57. Kf4 $11 {might be stronger.}) 57... Rb4 $17 58. Re3 Rg4 (58... Kf7 $17) 59. Ra3 (59. Rc3 $11) 59... Re4+ $17 60. Kd5 Re7 61. Kd6 (61. Rb3 $17 {is a better defense.}) 61... Kf6 $19 62. Rb3 $2 (62. Kc5 $17) 62... Re8 $2 (62... f4 $19 {is more deadly.} 63. Rf3 Re4 (63... Re6+ 64. Kd5 $15)) 63. Ra3 $2 (63. Kd5 $17) 63... g5 $19 64. Kd5 gxh4 65. gxh4 f4 66. Ra7 Kf5 67. Rg7 Rd8+ 68. Kc4 f3 0-1

[Event "Festival Groningen-A 2024"]
[Site "Groningen"]
[Date "2024.12.21"]
[Round "1.11"]
[White "Palchuk, Andrii"]
[Black "Mareau, Timothe"]
[Result "1/2-1/2"]
[ECO "A87"]
[WhiteElo "2372"]
[BlackElo "2168"]
[Annotator "TA"]
[PlyCount "43"]
[EventDate "2024.12.21"]
[EventType "swiss"]
[EventCountry "NED"]
[SourceTitle "playchess.com"]
[Source "ChessBase"]
[SourceQuality "1"]
[TimeControl "40/5400+30:1800+30"]

1. d4 f5 2. g3 Nf6 3. Bg2 g6 4. Nf3 Bg7 5. O-O d6 6. c4 O-O 7. Qc2 Qe8 8. d5 e5 9. dxe6 Nc6 10. Nc3 Bxe6 11. Nb5 Nb4 12. Qc3 {[%emt 0:03:30][%cal Ob5c7] Strongly threatening Nxc7!.} Na6 13. Qc2 Nb4 14. Qd1 Qe7 15. Bd2 Bxc4 ({Black should try} 15... Nc6 $15) 16. Na3 d5 (16... Bxe2 {is interesting.} 17. Qb3+ Qf7 18. Qxb4 Bxf1 19. Bxf1 Ne4) 17. Nxc4 dxc4 18. Qc1 Nbd5 19. Qxc4 c6 20. Rad1 Rfe8 21. Rfe1 Kh8 22. Bc1 1/2-1/2

[Event "Festival Groningen-A 2024"]
[Site "Groningen"]
[Date "2024.12.21"]
[Round "1.12"]
[White "Hummel, Paul"]
[Black "Slagboom, Leandro"]
[Result "1/2-1/2"]
[ECO "E62"]
[WhiteElo "2160"]
[BlackElo "2370"]
[Annotator "TA"]
[PlyCount "70"]
[EventDate "2024.12.21"]
[EventType "swiss"]
[EventCountry "NED"]
[SourceTitle "playchess.com"]
[Source "ChessBase"]
[SourceQuality "1"]
[TimeControl "40/5400+30:1800+30"]

1. d4 Nf6 2. c4 g6 3. Nf3 Bg7 4. g3 d6 5. Bg2 O-O 6. O-O Bg4 7. h3 Bxf3 8. Bxf3 Nc6 9. Nc3 e5 10. Bxc6 exd4 (10... bxc6 $14 {deserves consideration.} 11. dxe5 dxe5) 11. Bxb7 $16 Rb8 12. Bg2 ({White should try} 12. Qxd4 $16 Rxb7 13. Qd3) 12... dxc3 $14 13. bxc3 Nd7 14. Be3 Nc5 15. Qc2 Qf6 16. Bxc5 dxc5 17. Rad1 Qxc3 18. Qxc3 Bxc3 19. Rd3 Ba5 (19... Bb4 $14) 20. Ra3 $16 Bb6 {[%emt 0:00:12] [#]} 21. Rd1 {[%emt 0:01:49] White is more active.} (21. Ra6 $1 $16) 21... Rfd8 $14 22. Rad3 Rxd3 23. Rxd3 $11 {[%emt 0:00:02][%mdl 4096] Endgame KRB-KRB} Ba5 24. Rd7 (24. Bd5 $14) 24... Rb1+ 25. Kh2 Rb2 $1 26. Bd5 Rxe2 27. Rxf7 {[%emt 0:01:51] Re7+ would now be deadly.} Kh8 28. g4 g5 29. a4 Bc3 30. Kg2 (30. Rxc7 $2 Be5+ (30... Rxf2+ 31. Kh1 $14) 31. Kg2 Bxc7 $19) 30... Bd4 31. a5 Ra2 32. Be4 Kg8 33. Rxc7 (33. Bxh7+ $2 {loses.} Kxf7 34. Bb1 Rxa5 $19 (34... Rxf2+ $2 35. Kg3 $19)) 33... Rxf2+ 34. Kg3 Be5+ 35. Kxf2 Bxc7 1/2-1/2

[Event "Festival Groningen-A 2024"]
[Site "Groningen"]
[Date "2024.12.21"]
[Round "1.13"]
[White "Smeets, Kobe"]
[Black "Duson, Robin"]
[Result "1-0"]
[ECO "C95"]
[WhiteElo "2349"]
[BlackElo "2159"]
[Annotator "TA"]
[PlyCount "63"]
[EventDate "2024.12.21"]
[EventType "swiss"]
[EventCountry "NED"]
[SourceTitle "playchess.com"]
[Source "ChessBase"]
[SourceQuality "1"]
[TimeControl "40/5400+30:1800+30"]

1. e4 e5 2. Nf3 Nc6 3. Bb5 a6 4. Ba4 Nf6 5. O-O Be7 6. Re1 b5 7. Bb3 d6 8. c3 O-O 9. h3 Nb8 10. d4 Nbd7 11. Nbd2 Bb7 12. Bc2 Re8 13. Nf1 Bf8 14. Ng3 g6 15. a4 Bg7 16. Bd3 b4 17. dxe5 $16 {[%emt 0:04:53] White is more active.} ({Don't play} 17. cxb4 exd4 18. Bf4 Ne5 $11) 17... Nxe5 18. Nxe5 ({Reject} 18. cxb4 Nxf3+ 19. gxf3 Nd7 $11) 18... Rxe5 {[%emt 0:02:41] White is better.} 19. cxb4 d5 20. f4 Rxe4 (20... Re8 $16 {keeps fighting.}) 21. Nxe4 $18 dxe4 22. Bc4 Qe7 23. Qb3 Rd8 24. Be3 Nd5 {[%emt 0:04:34] [#]} 25. Bc5 Qh4 26. Rad1 Nxf4 27. Bxf7+ Kh8 28. Qe3 {[%emt 0:01:34][%cal Oe3f4] Threatens to win with Qxf4!} Nd3 29. Rf1 Nxb2 $2 {[%emt 0:01:58] [#]} (29... Nxc5 $18 30. bxc5 Rxd1 31. Rxd1 Qe7) 30. Qf4 {[%emt 0:01:40] White mates.} Qf6 31. Qxf6 Bxf6 32. Rxd8+ {[%emt 0:00:15] White took control after the opening.   Weighted Error Value: White=0.01 (flawless) /Black=0.68.  Mistake:       	---       	Black=2      Inaccurate:     	---       	Black=1      OK:         	White=11    	Black=1      Best:        	White=1     	Black=1} 1-0

[Event "Festival Groningen-A 2024"]
[Site "Groningen"]
[Date "2024.12.21"]
[Round "1.14"]
[White "De Boer, Bas"]
[Black "Kollen, Zyon"]
[Result "0-1"]
[ECO "D35"]
[WhiteElo "2157"]
[BlackElo "2344"]
[Annotator "TA"]
[PlyCount "86"]
[EventDate "2024.12.21"]
[EventType "swiss"]
[EventCountry "NED"]
[SourceTitle "playchess.com"]
[Source "ChessBase"]
[SourceQuality "1"]
[TimeControl "40/5400+30:1800+30"]

1. d4 Nf6 2. c4 e6 3. Nf3 d5 4. cxd5 exd5 5. Nc3 c6 6. Qc2 Bd6 7. Bg5 Be6 8. e3 Nbd7 9. Bd3 Qc7 10. Bh4 h6 {[%emt 0:05:55] Repels Ng5} 11. Bg3 Bxg3 12. hxg3 O-O-O (12... O-O $11 {deserves consideration.}) 13. O-O-O (13. b4 $14) 13... Ne8 14. Kb1 Nd6 15. Ka1 Rhe8 16. Rc1 Kb8 17. Nd2 Rc8 18. Ne2 c5 19. dxc5 Nxc5 20. Nb3 Nxd3 21. Qxd3 Qb6 22. Qd4 Ne4 (22... Qxd4 23. Nbxd4 b6 24. b3 Rc5) 23. Qxb6 (23. Rxc8+ {simplifies} Bxc8 24. Qxb6 axb6 25. Rf1) 23... axb6 24. Rxc8+ Bxc8 25. Rf1 $1 Bf5 26. Nf4 Rd8 27. Nd4 Bh7 28. g4 g5 29. Nh3 {[%emt 0:04:36] A dynamic duo of knights.} (29. Nh5 $1 $14) 29... Re8 $11 30. Re1 Nc5 31. Rh1 {[%emt 0:06:31][%cal Oh3g5] Threatens to win with Nxg5!.} Be4 $36 {[%emt 0:05:57][%mdl 2048] Black fights for an advantage.} 32. Rh2 Nd3 {[%emt 0:01:20] Black is more active.} 33. Nb5 (33. a4 $15) 33... Ne1 (33... Rc8 $19 34. Nc3 b5) 34. Nd6 $2 ({Better is} 34. a3 $15) 34... Rd8 35. Nxf7 $2 (35. Nxe4 dxe4 36. a3) 35... Rc8 36. b3 {[%emt 0:00:06] [#]} Rc1+ $1 (36... Bxg2 $2 37. Ne5 $17) 37. Kb2 Nd3+ 38. Ka3 Rc5 39. b4 Rc3+ 40. Ka4 Nb2+ 41. Kb5 Bd3+ 42. Kxb6 Rc6+ 43. Ka5 b6# 0-1

[Event "Festival Groningen-A 2024"]
[Site "Groningen"]
[Date "2024.12.21"]
[Round "1.15"]
[White "Labruyere, Roger"]
[Black "Nicolai, Amir"]
[Result "1-0"]
[ECO "B33"]
[WhiteElo "2344"]
[BlackElo "2156"]
[Annotator "TA"]
[PlyCount "103"]
[EventDate "2024.12.21"]
[EventType "swiss"]
[EventCountry "NED"]
[SourceTitle "playchess.com"]
[Source "ChessBase"]
[SourceQuality "1"]
[TimeControl "40/5400+30:1800+30"]

1. e4 c5 2. Nf3 Nc6 3. d4 cxd4 4. Nxd4 Nf6 5. Nc3 e5 6. Ndb5 d6 7. Bg5 a6 8. Na3 b5 9. Nd5 Be7 10. Bxf6 Bxf6 11. c3 O-O 12. Nc2 Rb8 13. Be2 g6 (13... Bg5 $11) 14. Bg4 Bb7 15. O-O Bg5 16. a4 bxa4 17. Rxa4 Ne7 18. b4 Nxd5 19. exd5 Qc7 20. Qd3 (20. Ra3 $1 $11) 20... f5 21. Be2 e4 $1 $36 {[%emt 0:02:41][%mdl 2048] Black is really pushing.} 22. Qg3 Bf6 23. c4 Bxd5 24. Rxa6 Be5 $1 {[%emt 0:19:33] This pair of bishops is nice.} 25. Qb3 Bb7 26. Ra3 Kh8 27. h3 g5 ({Black should play} 27... f4 $17 28. Ne1 Qb6) 28. Rd1 $15 Qg7 (28... f4 $17 29. Bg4 Qf7) 29. c5 ({White should play} 29. Ra7 $1 $15) 29... d5 (29... dxc5 $17 {and ...g4 should not be overlooked} 30. Ra5 cxb4) 30. Ra7 $11 Ra8 (30... Qf6 $11 {is superior.}) 31. Rxa8 $14 Bxa8 32. b5 d4 33. c6 Rb8 $2 (33... g4 $1 $14) 34. Qe6 d3 {[%emt 0:01:09] [#]} 35. Bxd3 $1 exd3 36. Rxd3 Qf6 37. Qxf6+ (37. Qd7 Rxb5 38. f4 Rb1+ (38... gxf4 39. Qd8+ Kg7 40. c7 $17) (38... Bxf4 $2 39. c7 $18) (38... Bxc6 39. fxe5 Rxe5 40. Qa7 $11) 39. Kf2 gxf4 $19) 37... Bxf6 38. c7 Rc8 (38... Re8 $16 39. Ne3 Bb7) 39. b6 {[%emt 0:00:05][%mdl 1024] White has strong compensation.} Be4 $2 {[%emt 0:01:34][%mdl 8192] [#]} (39... Kg7 $16 {is more resistant.} 40. Rd7+ Kg6) 40. f3 $2 Bb7 (40... Bxd3 $2 41. b7 Ba6 42. b8=Q $18 (42. b8=B $2 Be7 $19)) 41. Ne3 Be7 42. Kh1 Rf8 (42... Rg8 $16 {was called for.}) 43. Rd7 $18 Bc5 {[%emt 0:01:45] [#]} 44. Nc4 ({Only move:} 44. Rd8 $1 $18 {[%cal Rd8b8] Rb8 is the strong threat.} Ba6 45. Nxf5) 44... Rc8 45. Kh2 f4 {[%emt 0:02:39] [#]} (45... Kg8 $142) 46. h4 $1 $16 gxh4 47. Nd6 {[%emt 0:00:00] White is more active.} Bxd6 48. Rxd6 Kg7 49. Kh3 $2 (49. Rd4 $18) 49... Rf8 $2 (49... Kf7 $11) 50. Rd8 $1 $18 (50. Kxh4 Rf6 51. Rd7+ Kg6 $11) 50... Rf6 51. Rb8 ({And not} 51. c8=B Bxc8+ 52. Rxc8 Rxb6 $11) (51. Kxh4 Rh6+ 52. Kg4 Rxb6 $11) 51... Ba6 52. b7 ({Not} 52. c8=R Bxc8+ 53. Rxc8 Rxb6 $14) 1-0